 Dungeon Crawl Stone Soup version 0.29.1-2-gbd0b4ee654 (webtiles) character file.

Game seed: 12341267835124856364

83 zeram the Ducker (level 4, -6/23 HPs)
             Began as a Spriggan Fighter on Nov 2, 2022.
             Killed by divine providence
             ... invoked by an orc priest
              (17 damage)
             ... on level 3 of the Dungeon.
             The game lasted 00:06:09 (4192 turns).

zeram the Ducker (Spriggan Fighter)                 Turns: 4192, Time: 00:06:10

Health: -6/23      AC:  5    Str: 12    XL:     4   Next: 22%
Magic:  7/7        EV: 17    Int: 11    God:
Gold:   172        SH:  6    Dex: 14    Spells: 3/6 levels left

rFire   + . .      SeeInvis +   a - +0 rapier
rCold   + . .      Faith    .   c - +0 buckler
rNeg    . . .      Spirit   .   m - +2 robe {rC+ rF+}
rPois   .          Reflect  .   (helmet restricted)
rElec   .          Harm     .   n - +0 cloak
rCorr   .          Rampage  .   (gloves unavailable)
Will    .....                   (boots unavailable)
Stlth   +.........              (no amulet)
HPRegen 0.07/turn               (no ring)
MPRegen 0.10/turn               (no ring)

@: very quick
A: very small, no large weapons, unfitting armour, see invisible, speed 3
a: no special abilities


You were on level 3 of the Dungeon.
You visited 1 branch of the dungeon, and saw 3 of its levels.

You collected 172 gold pieces.

Inventory:

Hand Weapons
 a - a +0 rapier (weapon)
Armour
 b - a +0 robe
 c - a +0 buckler (worn)
 m - a +2 robe of resistance (worn)
 n - a +0 cloak (worn)
Jewellery
 e - a +4 ring of evasion
Scrolls
 k - 2 scrolls of poison
Potions
 d - a potion of might
 f - a potion of invisibility
 g - 2 potions of heal wounds
 h - 2 potions of cancellation
 i - a potion of flight {unknown}
 j - a potion of mutation {unknown}
 l - 2 potions of attraction {unknown}


   Skills:
 - Level 2.4 Fighting
 + Level 3.1 Short Blades
 + Level 5.0 Dodging
 + Level 2.7 Shields
 * Level 1.5 Spellcasting


You had 3 spell levels left.
You knew the following spells:

 Your Spells              Type           Power      Damage    Failure   Level
a - Magic Dart            Conj           0%         1d3       54%         1
b - Searing Ray           Conj           0%         2d4       67%         2

Your spell library contained the following spells:

 Spells                   Type           Power      Damage    Failure   Level
 Ozocubu's Armour         Ice            0%         N/A       88%         3
 Fulminant Prism          Conj/Hex       0%         3d6       99%         4
 Ozocubu's Refrigeration  Ice            0%         4d7       100%        7


Dungeon Overview and Level Annotations

Branches:
Dungeon (3/15)

Altars:


Innate Abilities, Weirdness & Mutations

You are very small and have problems with some larger weapons.
You are too small for most types of armour.
You have supernaturally acute eyesight. (SInv)
You cover ground extremely quickly. (Speed+++)


Message History

The orc closely misses you.
You hit the orc.
The orc is severely wounded.
The orc closely misses you.
You closely miss the orc.
The orc is severely wounded.
You block the orc's attack.
You closely miss the orc.
The orc is heavily wounded.
The orc hits you with a +0 short sword.
You puncture the orc!
You kill the orc!
No target in view!
No target in view!
HP restored.
You see here a +0 short sword.
Found a stone staircase leading down.
Found a cloak.
Found a robe.
There is a stone staircase leading down here.
You see here a +0 robe.
You now have 172 gold pieces (gained 5). 3 orcs and 2 orc priests come into view.
An orc is wielding a +0 hand axe and wearing a +2 scale mail of cold resistance.
An orc priest is wielding a +0 short sword of draining.
The orc shouts! x3; The orc priest shouts! x2
There are monsters nearby!
There are monsters nearby!
There are monsters nearby!
Found a stone staircase leading up.
The orc priest mumbles some strange prayers to Beogh against you.
Beogh smites you!
Ouch! That really hurt!
You are too injured to fight recklessly!
Found 12 gold pieces.
The orc priest looks encouraged for a moment.
There is a stone staircase leading up here.
The orc priest calls down the wrath of Beogh upon you.
Beogh smites you!
Ouch! That really hurt!
You die...

#.# #.#
#########.#
..........#
###.##..###
#.###.##
#....o.##
#####....ooo#
#..@..#####..#
#....## #.o#
#....# .o.#
.......+ ..#
#.#....# ..#
.$......#
..........
##...####.


You could see an orc priest and 2 orcs.

Vanquished Creatures
  2 adders (D:2)
  2 worms (D:2)
  4 dart slugs
  An orc (D:3)
  6 endoplasms
  4 giant cockroaches
  9 goblins
  2 jackals (D:2)
  3 quokkas (D:2)
  3 ball pythons
  2 bats
  3 frilled lizards (D:1)
  A kobold (D:1)
  5 rats
47 creatures vanquished.

Notes
Turn   | Place    | Note
-------+----------+-------------------------------------------
     0 | D:1      | zeram the Spriggan Fighter began the quest for the Orb.
     0 | D:1      | Reached XP level 1. HP: 11/11 MP: 2/2
   284 | D:1      | Found a faded altar of an unknown god.
   791 | D:1      | Reached XP level 2. HP: 12/16 MP: 3/3
  1387 | D:1      | Learned a level 1 spell: Magic Dart
  2311 | D:2      | Reached XP level 3. HP: 19/19 MP: 2/4
  2741 | D:2      | Reached skill level 1 in Spellcasting
  3332 | D:2      | Learned a level 2 spell: Searing Ray
  3379 | D:2      | Reached skill level 5 in Dodging
  3379 | D:2      | Reached XP level 4. HP: 17/23 MP: 5/7
  4192 | D:3      | Killed from afar by an orc priest

Illustrated notes

Levels and vault maps discovered:
D:1:      sevenhm_arrival_forest_fort_large_2, layout_loops_corners,
          hellmonk_ecumenical_altar_pennies_from_heaven
D:2:      layout_loops_ring, minmay_mini_jars
D:3:      layout_loops_corners, kennysheep_jessica_study

Skill      XL: |  1  2  3 |
---------------+----------+-----
Spellcasting   | 1 |  1.5
Short Blades   | 3 |  3.1
Dodging        | 5 |  5.0
Fighting       | |  2.4
Shields        | |  2.7

Action                   |  1- 3 |  4- 6 || total
-------------------------+-------+-------++-------
Melee: Rapier            |   166 |    31 ||   197
 Cast: Magic Dart        |    10 |       ||    10
  Use: Scroll            |     7 |       ||     7
 Stab: Sleeping          |     4 |       ||     4
Armor: Robe              |    17 |     4 ||    21
Dodge: Dodged            |   102 |    19 ||   121
Block: Buckler           |    39 |     3 ||    42
